AoeStats
← Carple

Nomad

509827381Analyzed
4v4 RM · 5d ago on Sep 28, 2026· 53m 47s· 8 players
Game mode
Random Map
Map size
231×231
Population
200
Speed
Normal
Resources
Standard
Victory
Conquest
Starting age
Dark Age
Ending age
Imperial Age
RankedLock teamsTeams togetherTeam positionsShared explorationLock speedFull tech treeHidden civsTurbo modeCheats
Victory
Defeat
🇨🇳 Persians · China
946
+17
🇮🇳 Armenians · India
941
+17
🇨🇳 Cumans · China
935
+17
🇨🇳 Huns · China
908
+18
🇨🇴 Goths · Colombia
976
-19
🇨🇦 Spanish · Canada
959
-17
🇺🇸 Dravidians · United States
952
-17
🇬🇧 Vikings · United Kingdom
938
-16
935180819
5:16 Loom
fly
5:45 Loom
13:37 Feudal Age
17:37 Double-Bit Axe
20:28 Castle Age
19:10 Stone Mining
19:10 Gold Mining
19:36 Town Watch
20:26 Wheelbarrow
22:12 Bow Saw
23:28 Fletching
25:20 Kamandaran
25:23 Bodkin Arrow
26:28 Horse Collar
28:08 Ballistics
28:27 Crossbowman
29:12 Thumb Ring
30:34 Heavy Plow
30:59 Padded Archer Armor
31:07 Thumb Ring
35:43 Imperial Age
35:15 Scale Barding Armor
35:20 Forging
35:26 Leather Archer Armor
37:16 Chemistry
36:30 Bloodlines
36:22 Husbandry
36:52 Conscription
37:29 Elite War Elephant
39:22 Ring Archer Armor
39:55 Iron Casting
40:51 Chain Barding Armor
41:38 Town Patrol
42:44 Blast Furnace
43:58 Plate Barding Armor
45:48 Citadels
46:16 Hoardings
45:58 Masonry
45:43 Murder Holes
45:13 Light Cavalry
46:38 Gold Shaft Mining
46:38 Stone Shaft Mining
48:07 Hand Cart
51:11 Architecture
51:21 Stone Shaft Mining
52:49 Crop Rotation
53:28 Two-Man Saw
火鸡味锅巴
9:38 Loom
21:22 Feudal Age
30:45 Castle Age
40:41 Bloodlines
42:36 Scale Barding Armor
42:42 Forging
45:03 Iron Casting
47:07 Elite Skirmisher
48:39 Chain Barding Armor
51:09 Thumb Ring
kwik
4:26 Loom
Soup
5:13 Loom
Greenland Viking
23:26 Feudal Age
23:50 Man-at-Arms
27:45 Arson
41:08 Scale Mail Armor
41:18 Forging
Carple
4:31 Loom
14:08 Feudal Age
19:23 Castle Age
18:08 Padded Archer Armor
18:51 Double-Bit Axe
22:31 Town Watch
23:06 Medium Warships
26:02 Bloodlines
25:52 Husbandry
26:37 Husbandry
31:01 Wheelbarrow
31:03 Fishing Lines
33:35 Scale Barding Armor
33:40 Forging
36:51 Elite Skirmisher
39:02 Fletching
39:28 Leather Archer Armor
callmebrujo
5:13 Loom
Connection lost

Rejoining the realm…

Still unreachable

The connection could not be restored.

Session expired

The server has moved on; the page needs a fresh start.